 Dungeon Crawl Stone Soup version 0.29-a0-878-g7b45a56547 (webtiles) character file.

Game seed: 16099394837560285264

30 27snakeeyes612 the Conjurer (level 3, 0/17 (19) HPs)
             Began as a Deep Elf Conjurer on July 20, 2022.
             Succumbed to an adder's poison
             ... on level 4 of the Dungeon.
             The game lasted 00:01:36 (1478 turns).

27snakeeyes612 the Conjurer (Deep Elf Conjurer)     Turns: 1478, Time: 00:01:36

HP:   0/17 (19)     AC:  2    Str:  4    XL:     3   Next: 3%
MP:   10/10         EV: 12    Int: 24    God:
Gold: 31            SH:  0    Dex: 13    Spells: 8/9 levels left

rFire   . . .      SeeInvis .   g - +0 short sword
rCold   . . .      Faith    .   (no shield)
rNeg    . . .      Spirit   .   a - +0 robe
rPois   .          Reflect  .   (no helmet)
rElec   .          Harm     .   (no cloak)
rCorr   .          Rampage  .   (no gloves)
Will    .....                   (no boots)
Stlth   ++........              (no amulet)
HPRegen 0.05/turn               (no ring)
MPRegen 0.12/turn               (no ring)

@: lethally poisoned (0 -> -4), heavily drained
A: no striking features
a: no special abilities


You were on level 4 of the Dungeon.
You visited 1 branch of the dungeon, and saw 3 of its levels.

You collected 31 gold pieces.

Inventory:

Hand Weapons
 g - a +0 short sword (weapon)
Armour
 a - a +0 robe (worn)
Scrolls
 d - a scroll of identify
 h - a scroll of vulnerability
Potions
 b - a potion of magic
 e - 2 potions of curing {unknown}
 f - a potion of heal wounds {unknown}
 i - a potion of flight {unknown}


   Skills:
 + Level 3.0 Dodging
 + Level 3.1 Stealth
 + Level 3.5 Spellcasting
 + Level 4.7 Conjurations


You had 8 spell levels left.
You knew the following spells:

 Your Spells              Type           Power      Damage    Failure   Level
a - Magic Dart            Conj           100%       1d8       1%          1

Your spell library contained the following spells:

 Spells                   Type           Power      Damage    Failure   Level
 Searing Ray              Conj           52%        2d6       2%          2
 Dazzling Flash           Conj/Hex       30%        N/A       12%         3
 Fulminant Prism          Conj/Hex       7%         3d7       36%         4
 Iskenderun's Mystic Bla  Conj/Tloc      15%        2d5       36%         4


Dungeon Overview and Level Annotations

Branches:
Dungeon (2/15)

Altars:

Annotations:
D:4 3 runed translucent doors, Edmund


Message History

Press: ? - help, Dir - move target, p - Edmund
As you read the scroll labelled PAUJUE DYTRO, it crumbles to dust.
It was a scroll of blinking.
As you read the scroll labelled HOXOFE TOOWIE, it crumbles to dust.
It is a scroll of identify.
h - a scroll of vulnerability
Okay, then.
A hobgoblin comes into view.
Found 10 gold pieces.
The hobgoblin shouts!
You hear an angry hiss.
Blink to where?
Press: ? - help, Dir - move target
As you read the scroll of blinking, it crumbles to dust.
An endoplasm comes into view.
Found 6 stones.
Found a stone staircase leading down.
You open the door.
There is an open door here.
As you close the door, it creaks loudly!
You hear an angry hiss.
An adder comes into view.
Edmund opens the door.
Found a runed translucent gate.
Edmund says, "I might not be good at magic, but I can still kill you!"
A phantom comes into view.
The adder closely misses you. The adder attacks as you move away!
The adder barely misses you.
Found a sedimented brown potion.
The adder barely misses you. The adder bites you.
* * * LOW HITPOINT WARNING * * *
You are lethally poisoned!
The adder poisons you!
* * * LOW HITPOINT WARNING * * *
You feel sick. The adder attacks as you move away! The adder misses you.
* * * LOW HITPOINT WARNING * * *
You feel sick.
Edmund says, "I'm quite good with sums, too."
The adder attacks as you move away! The adder completely misses you.
You die...

...#....#+#+..... .#
....
..........!.........
#....
....###...####+++#
... .... #...# ....
#.. #W#.# #. ..
#..@# .. ..#.###S#
..# ........## ...
...#...@.# ...
#......# ...
##.#.....# ...
...........+ .$.
.##.......### #.. ..
........# ### #
.#..###.. #. ....
... #. ...


You could see Edmund and an adder.

Vanquished Creatures
  2 dart slugs (D:1)
  2 bats
  5 endoplasms (D:1)
  A giant cockroach (D:1)
  2 hobgoblins (D:1)
  A quokka (D:2)
  A frilled lizard (D:2)
  3 goblins (D:1)
  4 kobolds
  4 rats
25 creatures vanquished.

Notes
Turn   | Place    | Note
-------+----------+-------------------------------------------
     0 | D:1      | 27snakeeyes612 the Deep Elf Conjurer began the quest for
                  | the Orb.
     0 | D:1      | Reached XP level 1. HP: 10/10 MP: 6/6
   254 | D:1      | Reached XP level 2. HP: 15/15 MP: 4/8
  1347 | D:2      | Reached XP level 3. HP: 19/19 MP: 8/10
  1394 | D:2      | You fall into a shaft and drop 2 floors!
  1401 | D:4      | Noticed Edmund
  1465 | D:4      | Found a runed translucent gate.
  1465 | D:4      | Found a runed translucent gate.
  1465 | D:4      | Found a runed translucent gate.
  1468 | D:4      | Noticed a phantom
  1478 | D:4      | Succumbed to an adder's poison

Illustrated notes

Levels and vault maps discovered:
D:1:      denvon_arrival_planthouse, layout_basic, glass_columns_a
D:2:      layout_basic, dreamdust_ecumenical_altar_grove
D:4:      layout_basic, mainiacjoe_overflow_two_lobes,
          minmay_temple_entry_butterflies, gammafunk_ghost_cemetery, uniq_robin,
          uniq_edmund, uniq_pikel

Skill      XL: |  1  2 |
---------------+-------+-----
Stealth        | 3 |  3.1
Dodging        | 3 |  3.0
Spellcasting   | |  3.5
Conjurations   | |  4.7

Action                   || total
-------------------------++-------
 Cast: Magic Dart        ||    51
  Use: Scroll            ||     3
Dodge: Dodged            ||     9

Table legend: (Time is in decaauts)
 A = Elapsed time spent in this place.
 B = Non-inter-level travel time spent in this place.
 C = Inter-level travel time spent in this place.
 D = Time resting spent in this place.
 E = Time spent auto-exploring this place.
 F = Levels seen in this place.
 G = Mean time per level.
                   A        B        C        D        E       F      G
               +--------+--------+--------+--------+--------+-----+--------+
         Total |   1477 |   1451 |     26 |      0 |   1280 |   3 |  492.3 |
       Dungeon |   1477 |   1451 |     26 |      0 |   1280 |   3 |  492.3 |
               +--------+--------+--------+--------+--------+-----+--------+

Top non-repeatable levels by time:
     D:1: 1285 daAuts
     D:2: 107 daAuts
     D:4: 83 daAuts
